 Dungeon Crawl Stone Soup version 0.28.0 (webtiles) character file.

Game seed: 6758345094675419766

8 HallandMoats the Skirmisher (level 2, 24/24 HPs)
             Began as a Demonspawn Fighter on Feb 6, 2022.
             Got out of the dungeon alive.
             The game lasted 00:00:25 (365 turns).

HallandMoats the Skirmisher (Demonspawn Fighter)     Turns: 365, Time: 00:00:26

Health: 24/24      AC:  6    Str: 16    XL:     2   Next: 0%
Magic:  2/2        EV:  8    Int:  9    God:
Gold:   0          SH:  4    Dex: 12    Spells: 1/1 levels left

rFire   . . .      SeeInvis .   a - +0 war axe
rCold   . . .      Faith    .   c - +0 buckler
rNeg    . . .      Spirit   .   b - +0 scale mail
rPois   .          Reflect  .   (no helmet)
rElec   .          Harm     .   (no cloak)
rCorr   .          Rampage  .   (no gloves)
Will    .....                   (no boots)
Stlth   ..........              (no amulet)
HPRegen 0.08/turn               (no ring)
MPRegen 0.08/turn               (no ring)

@: no status effects
A: sanguine armour 1
a: no special abilities


You escaped.
You visited 1 branch of the dungeon, and saw 1 of its levels.

Inventory:

Hand Weapons
 a - a +0 war axe (weapon)
Armour
 b - a +0 scale mail (worn)
 c - a +0 buckler (worn)
Potions
 d - a potion of might
 e - a potion of heal wounds {unknown}
 f - a potion of flight {unknown}


   Skills:
 * Level 3.1 Fighting
 * Level 1.9 Axes
 + Level 2.7 Armour
 + Level 0.2 Dodging
 + Level 2.7 Shields
 * Level 0.8 Invocations


You had one spell level left.
You didn't know any spells.
Your spell library was empty.

Dungeon Overview and Level Annotations

Branches:
Dungeon (1/15)

Altars:


Innate Abilities, Weirdness & Mutations

When seriously injured, your blood forms armour. (AC +0)


Message History

Things that are here:
a +0 club; a goblin corpse A rat is nearby!
Found a scroll labelled EGAS ZAMPEEVUFF.
You slash the rat!
You kill the rat!
Key pressed, stopping explore.
Key pressed, stopping explore.
No target in view!
Key pressed, stopping explore.
No target in view!
HP restored.
Things that are here:
a +0 club; a goblin corpse
e - a sedimented sapphire potion
Items here: ) รทรทรท.
No target in view!
f - a blue potion No target in view!
You open the door.
There is an open door here.
There is an open door here.
You open the door.
A bat comes into view.
The bat moves out of view.
There is an open door here.
No target in view!
The bat barely misses you.
You slash the bat!
You kill the bat!
You have reached level 2!
Your demonic ancestry asserts itself...
You feel your blood ready itself to protect you.
(D) Dungeon
Where to? (? - help)
What level of the Dungeon? (default 1, ? - help)
There is an open door here.
There is a staircase leading out of the dungeon here.
Are you sure you want to leave the Dungeon?
This will make you lose the game!
You have escaped!

#.........###'### ....
#.....##..#8...8#
.##..
#....####.##.#.## ##
#. #.....##..#8.#.8#
#.........##.#.##
#..########8...8####
#..#8#8#8#8#...#8#8#8#
#..#..................
#..'.#####...@...#####
#..#...............).
#..#8#8#8#8#...#8#8#8#
#..########8...8####
#.........##.#.##
#.....##..#8.#.8#
#....####.##.#.##
#.....##..#8...8# ##.
#.........###'###.....


There were no monsters in sight!

Vanquished Creatures
  2 ball pythons (D:1)
  A bat (D:1)
  A hobgoblin (D:1)
  A frilled lizard (D:1)
  2 goblins (D:1)
  A rat (D:1)
8 creatures vanquished.

Vanquished Creatures (others)
  A plant (D:1)
1 creature vanquished.

Grand Total: 9 creatures vanquished

Notes
Turn   | Place    | Note
-------+----------+-------------------------------------------
     0 | D:1      | HallandMoats the Demonspawn Fighter began the quest for the
                  | Orb.
     0 | D:1      | Reached XP level 1. HP: 18/18 MP: 1/1
   355 | D:1      | Gained mutation: When seriously injured, your blood forms
                  | armour. (AC +0) [demonic ancestry]
   355 | D:1      | Reached XP level 2. HP: 24/24 MP: 2/2
   365 | D:$      | Got out of the dungeon alive.

Illustrated notes

Levels and vault maps discovered:
D:1:      heliophobic_arrival_ceremonial_halls, layout_rooms, serial_forest,
          infiniplex_forest_end_2, infiniplex_forest_fountain,
          infiniplex_forest_lined_1, infiniplex_forest_clump_medium,
          infiniplex_forest_clump_double, infiniplex_forest_corner_1,
          infiniplex_forest_clump_curved

Action                   || total
-------------------------++-------
Melee: War axe           ||    25
Armor: Scale mail        ||     6
Dodge: Dodged            ||    13
Block: Buckler           ||     6
